 Dungeon Crawl Stone Soup version 0.31.0-11-ge490571c62 (webtiles) character file.

Game seed: 6617082099828606187

5618 Curundu the Cruncher (level 10, -1/91 HPs)
             Began as a Minotaur Berserker on Jan 30, 2024.
             Was an Elder of Trog.
             Slain by a death knight
             ... wielding a +0 broad axe
              (8 damage)
             ... on level 9 of the Dungeon.
             The game lasted 00:23:17 (8287 turns).

Curundu the Cruncher (Minotaur Berserker)           Turns: 8287, Time: 00:23:20

Health: -1/91      AC: 20    Str: 25    XL:     10   Next: 45%
Magic:  9/9        EV: 13    Int:  4    God:    Trog [****..]
Gold:   545        SH:  0    Dex: 11    Spells: 9/9 levels left

rFire   . . .        m - +3 quarterstaff (chaos)
rCold   . . .        (shield currently unavailable)
rNeg    . . .        g - +1 plate armour
rPois   .            (helmet restricted)
rElec   .            n - +1 cloak {Will+}
rCorr   .            w - +0 pair of gloves
SInv    .            x - +0 pair of boots
Will    +++..        (no amulet) Stlth
                     z - +5 ring of evasion
HPRegen 1.35/turn    (no ring)
MPRegen 0.11/turn

%: no passive effects
@: strong-willed, on berserk cooldown, regenerating, slowed, very slow
A: horns 2, retaliatory headbutt
a: Renounce Religion, Berserk, Trog's Hand, Brothers in Arms


You were on level 9 of the Dungeon.
You worshipped Trog.
Trog was greatly pleased with you.
You visited 2 branches of the dungeon, and saw 10 of its levels.

You collected 545 gold pieces.

Inventory:

Hand Weapons
 a - a +1 hand axe
 m - a +3 quarterstaff of chaos (weapon)
 C - a +0 war axe
Missiles
 f - 4 javelins (quivered)
 q - 2 throwing nets
Armour
 g - a +1 plate armour (worn)
 n - a +1 cloak of willpower (worn)
 w - a +0 pair of gloves (worn)
 x - a +0 pair of boots (worn)
Jewellery
 u - a ring of positive energy
 z - a +5 ring of evasion (left hand)
Wands
 d - a wand of flame (34)
 A - a wand of polymorph (7)
 D - a wand of charming (6)
 G - a wand of quicksilver (13)
Scrolls
 l - 6 scrolls of teleportation
 r - a scroll of vulnerability
 s - 2 scrolls of summoning
 t - 2 scrolls of identify
 v - a scroll of fear
 y - a scroll of torment
 B - a scroll of immolation
 E - 2 scrolls of revelation
 F - a scroll of poison {unknown}
 H - a scroll of enchant armour
 J - a scroll of noise {unknown}
 K - a scroll of fog
Potions
 b - a potion of ambrosia {unknown}
 c - 2 potions of mutation
 e - 2 potions of haste
 h - 3 potions of curing
 i - a potion of degeneration {unknown}
 j - 3 potions of might
 k - a potion of lignification
 o - 2 potions of enlightenment {unknown}
 p - a potion of brilliance {unknown}
 I - a potion of resistance {unknown}


   Skills:
 + Level 9.2 Fighting
 + Level 6.6 Axes
 + Level 12.3 Staves
 + Level 9.6 Armour
 + Level 3.1 Dodging
 + Level 1.3 Stealth


You had 9 spell levels left.
You didn't know any spells.
Your spell library was empty.

Dungeon Overview and Level Annotations

Branches:
Dungeon (9/15)             Temple (1/1) D:6            Lair (0/5) D:8
    Orc: D:9-12

Altars:
Ashenzari
Cheibriados
Dithmenos
Elyvilon
Fedhas
Gozag
Hepliaklqana
Kikubaaqudgha
Makhleb
Nemelex Xobeh
Okawaru
Qazlal
Ru
Sif Muna
Trog
Uskayaw
Vehumet
Wu Jian
Xom
Yredelemnul
Zin
The Shining One


Innate Abilities, Weirdness & Mutations

You have a pair of horns on your head.
You reflexively headbutt those who attack you in melee.


Message History

You feel sick.
The death knight offers itself to Yredelemnul, and fills with unholy energy.
The wight barely misses you.
Found a trident.
You feel a strong urge to attack something.
You feel sick. The wight barely misses you.
You closely miss the wight. Your headbutt misses the wight.
You are no longer berserk.
You are exhausted.
You feel yourself slow down.
You feel sick.
You hit the wight.
The your quarterstaff of chaos misses the wight.
The wight is moderately damaged.
You feel sick. The wight completely misses you.
You sock the wight!
You destroy the wight!
Trog accepts your kill.
You feel sick.
Found a runed spear.
You feel sick.
You hit the death knight.
You feel better.
The death knight is lightly wounded.
The death knight reflects your damage back at you!
* * * LOW HITPOINT WARNING * * *
You feel sick.
You are no longer poisoned.
The death knight barely misses you.
You sock the death knight!
The death knight is lightly wounded.
The death knight reflects your damage back at you!
* * * LOW HITPOINT WARNING * * *
The death knight hits you with a +0 broad axe.
* * * LOW HITPOINT WARNING * * *
You hit the death knight but do no damage.
You headbutt the death knight!
The death knight is moderately wounded.
The death knight reflects your damage back at you!
* * * LOW HITPOINT WARNING * * *
The death knight's dark mirror aura disappears.
The death knight hits you with a +0 broad axe!
You die...

##.....).. #
...#.#).# .
..##....#..# ..
#.......#..#.
......>.....
..........#
...#......#
.......@p.# #
.......)..###.#
####.#.#......# .
#.#.)).....#
..###.##.......#
......##)......#
...?.............
..#.#..$#.....)..
#...###...###


You could see a death knight.

Vanquished Creatures
  Maggie (D:6)
  A hornet (D:9)
  Sigmund (D:5)
  6 yaks (D:6)
  A vampire (D:9)
  A steam dragon (D:7)
  An acid dragon (D:7)
  2 water moccasins
  3 orc warriors (D:8)
  A black bear (D:6)
  2 centaurs
  5 ogres
  A kobold brigand (D:6)
  The ghost of middlethird the Conjurer, an amateur VSCj (D:3)
  6 scorpions
  8 wights
  A wyvern skeleton (D:3)
  4 killer bees (D:9)
  3 howler monkeys
  2 bombardier beetles
  A bullfrog zombie (D:3)
  4 jellies
  5 hounds
  2 gnoll boudas
  4 orc priests
  Crazy Yiuf (D:3)
  2 sleepcaps
  Ijyb (D:5)
  2 iguanas
  6 orc wizards
  10 gnolls
  6 adders
  2 white imps (D:5)
  4 dart slugs
  27 orcs
  9 ball pythons
  9 bats
  4 endoplasms
  3 giant cockroaches
  7 goblins
  11 hobgoblins
  5 jackals
  5 quokkas
  3 frilled lizards
  11 kobolds
  6 rats
201 creatures vanquished.

Vanquished Creatures (collateral kills)
  An ogre (D:7)
  A white imp (D:7)
2 creatures vanquished.

Vanquished Creatures (others)
  A scorpion (D:6)
1 creature vanquished.

Grand Total: 204 creatures vanquished

Notes
Turn   | Place    | Note
-------+----------+-------------------------------------------
     0 | D:1      | Curundu the Minotaur Berserker began the quest for the Orb.
     0 | D:1      | Reached XP level 1. HP: 19/19 MP: 0/0
   148 | D:1      | Reached XP level 2. HP: 25/27 MP: 1/1
   205 | D:1      | Found a faded altar of an unknown god.
   476 | D:1      | Reached XP level 3. HP: 34/34 MP: 2/2
   505 | D:1      | Reached ** piety under Trog
   998 | D:2      | Reached skill level 5 in Fighting
   998 | D:2      | Reached XP level 4. HP: 12/42 MP: 3/3
  1802 | D:3      | Found a runed translucent gate.
  1802 | D:3      | Found a runed translucent gate.
  1802 | D:3      | Found a runed translucent gate.
  1803 | D:3      | Noticed middlethird's ghost (amateur VSCj)
  1915 | D:3      | Found a glowing golden altar of the Shining One.
  2010 | D:3      | Reached skill level 5 in Axes
  2057 | D:3      | Identified the +0 robe "Put-Me-On" {rC+}
  2151 | D:3      | Reached XP level 5. HP: 44/48 MP: 4/4
  2204 | D:3      | Found an iron altar of Okawaru.
  2235 | D:3      | Reached *** piety under Trog
  2569 | D:3      | Found a runed translucent door.
  2570 | D:3      | Noticed Crazy Yiuf
  2716 | D:3      | Killed Crazy Yiuf
  2794 | D:3      | Killed middlethird's ghost
  2795 | D:3      | Reached XP level 6. HP: 39/57 MP: 5/5
  3163 | D:4      | Reached skill level 1 in Staves
  3263 | D:4      | Found a white marble altar of Elyvilon.
  3832 | D:5      | Entered Level 5 of the Dungeon
  3838 | D:5      | Identified the +4 sling of Law {heavy, rF+ Dex+3 SInv}
  3863 | D:5      | Reached skill level 5 in Armour
  3863 | D:5      | Reached XP level 7. HP: 34/63 MP: 6/6
  4019 | D:5      | Reached skill level 2 in Staves
  4074 | D:5      | Reached skill level 3 in Staves
  4088 | D:5      | Reached skill level 4 in Staves
  4141 | D:5      | Found a glowing silver altar of Zin.
  4141 | D:5      | Found a blossoming altar of Fedhas.
  4235 | D:5      | Found an opulent altar of Gozag.
  4307 | D:5      | Reached skill level 5 in Staves
  4307 | D:5      | Reached XP level 8. HP: 71/71 MP: 7/7
  4352 | D:5      | Noticed Sigmund
  4369 | D:5      | Killed Sigmund
  4507 | D:5      | Reached skill level 6 in Staves
  4752 | D:5      | Noticed Ijyb
  4757 | D:5      | Killed Ijyb
  4913 | D:5      | Reached skill level 7 in Staves
  5544 | D:6      | Reached skill level 8 in Staves
  5562 | D:6      | Found a staircase to the Ecumenical Temple.
  5573 | D:6      | Found a shimmering altar of Xom.
  5577 | D:6      | Noticed Maggie
  5591 | D:6      | Killed Maggie
  5592 | D:6      | Reached XP level 9. HP: 55/81 MP: 8/8
  5598 | Temple   | Entered the Ecumenical Temple
  5707 | D:6      | Reached skill level 9 in Staves
  5726 | D:6      | Reached skill level 10 in Staves
  6097 | D:6      | Reached skill level 1 in Stealth
  6209 | D:6      | Reached **** piety under Trog
  6461 | D:7      | Reached skill level 11 in Staves
  6767 | D:7      | Reached XP level 10. HP: 69/90 MP: 9/9
  7596 | D:8      | Found a stormy altar of Qazlal.
  7840 | D:8      | Found a staircase to the Lair.
  8135 | D:9      | Reached skill level 12 in Staves
  8273 | D:9      | Noticed a death knight
  8287 | D:9      | Slain by a death knight

Illustrated notes

Levels and vault maps discovered:
D:1:      grunt_arrival_lava_bath, layout_basic,
          shapermc_ecumenical_altar_ellora, kennysheep_doodads,
          minmay_indecisive_spiral
D:2:      wander_river, layout_loops_cross
D:3:      layout_basic, mainiacjoe_overflow_brackets,
          mainiacjoe_overflow_concentric_impassable, gammafunk_ghost_necromancy,
          uniq_crazy_yiuf_cottage
D:4:      layout_gridville, nicolae_elyvilon_temple_path, minmay_diced_spiral
D:5:      layout_basic, grunt_gozag_statues, gammafunk_temple_overflow_statue,
          kennysheep_generic_room_15, uniq_sigmund, uniq_ijyb
D:6:      layout_basic, overflow_temple_1_default, minmay_temple_entry_glass,
          uniq_maggie
D:7:      layout_loops_ring, kennysheep_decorative_pillar, minmay_liquid_box,
          minmay_misc_feat_enclosed
D:8:      layout_basic, mainiacjoe_overflow_alcove_2, dpeg_oklobed_lair
D:9:      minmay_curly_fans, layout_basic, minmay_orc_entry_guard_dogs,
          ebering_ghost_gozag, minmay_misc_feat_ornament
Temple:   nicolae_temple_bog_church

Skill      XL: |  1  2  3  4  5  6  7  8  9 10 |
---------------+-------------------------------+-----
Fighting       | 4 5 6 7 8 9 |  9.2
Axes           | 4 5 6 |  6.6
Armour         | 3 5 6 7 8 9 |  9.6
Staves         | 1 5 8 11 12 | 12.3
Stealth        | 1 |  1.3
Dodging        | 3 |  3.1

Action                     |  1- 3 |  4- 6 |  7- 9 | 10-12 || total
---------------------------+-------+-------+-------+-------++-------
  Melee: Hand axe          |    89 |    75 |       |       ||   164
         Headbutt          |    17 |    24 |    36 |    19 ||    96
         Punch             |     1 |       |       |       ||     1
         Quarterstaff      |       |    46 |   186 |   144 ||   376
 Invoke: Trog's Hand       |     1 |     2 |     4 |     5 ||    12
         Berserk           |     1 |     1 |       |     1 ||     3
    Use: Scroll            |       |     9 |     7 |       ||    16
   Stab: Paralysed         |       |       |     1 |       ||     1
 Armour: Animal skin       |    21 |       |       |       ||    21
         Plate armour      |    37 |   146 |   150 |   128 ||   461
  Dodge: Dodged            |    49 |    55 |    95 |   129 ||   328
